AoeStats
← Juanpiola

Hideout

510035498Analyzed
1v1 RM · 4d ago on Sep 29, 2026· 56m 12s· 2 players
Game mode
Random Map
Map size
Tiny (2 player)
Population
200
Speed
Normal
Resources
Standard
Victory
Conquest
Starting age
Dark Age
Ending age
Imperial Age
RankedLock teamsTeams togetherTeam positionsShared explorationLock speedFull tech treeHidden civsTurbo modeCheats
Victory
Defeat
🇦🇷 Khmer · Argentina
847
+14
🇳🇿 Vietnamese · New Zealand
814
-14
Lidtang
9:50 Loom
12:01 Feudal Age
16:19 Castle Age
14:22 Double-Bit Axe
14:21 Horse Collar
17:06 Heavy Plow
25:13 Wheelbarrow
24:44 Town Watch
28:33 Bow Saw
28:45 Fletching
28:56 Padded Archer Armor
30:05 Squires
29:50 Arson
30:19 Gold Mining
33:52 Imperial Age
32:02 Bodkin Arrow
32:23 Leather Archer Armor
32:09 Scale Mail Armor
32:20 Forging
33:56 Leather Archer Armor
33:57 Chain Mail Armor
35:26 Iron Casting
34:18 Elite Fire Lancer
35:12 Murder Holes
35:41 Ballistics
38:20 Plate Mail Armor
41:38 Scale Barding Armor
42:08 Light Cavalry
43:02 Bloodlines
42:52 Husbandry
43:06 Cavalier
48:11 Chain Barding Armor
54:58 Two-Man Saw
Juanpiola
13:00 Feudal Age
12:33 Loom
16:56 Castle Age
15:07 Double-Bit Axe
15:04 Horse Collar
16:59 Stone Mining
19:42 Bow Saw
24:53 Town Watch
26:14 Wheelbarrow
33:20 Imperial Age
32:30 Hand Cart
32:16 Town Patrol
35:51 Chemistry
35:03 Double Crossbow
36:02 Heavy Scorpion
37:07 Ballistics
39:03 Gold Mining
39:56 Conscription
43:03 Hoardings
42:08 Onager
49:22 Fortified Wall
49:17 Siege Engineers
49:23 Masonry
49:13 Murder Holes
52:59 Bloodlines
52:51 Husbandry
52:13 Light Cavalry
53:02 Hussar
55:19 Scale Barding Armor
55:25 Forging
Connection lost

Rejoining the realm…

Still unreachable

The connection could not be restored.

Session expired

The server has moved on; the page needs a fresh start.